 Dungeon Sprint DCSS version 0.22-a0-567-gff9aefc (webtiles) character file.

1726 emperorscorpion the Grappler (level 8, -8/86 HPs)
             Began as a Troll Transmuter on June 29, 2018.
             Was an Elder of Sif Muna.
             Mangled by a catoblepas (12 damage)
             ... in the Dungeon (Sprint IX: "|||||||||||||||||||||||||||||").
             The game lasted 00:03:27 (522 turns).

emperorscorpion the Grappler (Troll Transmuter)      Turns: 522, Time: 00:03:28

Health: -8/86      AC:  5    Str: 21    XL:     8   Next: 75%
Magic:  12/15      EV:  1    Int: 12    God:    Sif Muna [****..]
Gold:   14         SH:  0    Dex: 13    Spells: 11/18 levels left

rFire    x . .     SeeInvis .     - Unarmed
rCold    + + +     Gourm    +   (shield currently unavailable)
rNeg     + + +     Faith    .   (armour currently unavailable)
rPois    ∞         Spirit   .   (helmet currently unavailable)
rElec    .         Reflect  .   (cloak currently unavailable)
rCorr    .         Harm     .   (gloves unavailable)
MR       .....     NoTele   +   (boots unavailable)
Stlth    ++........             (no amulet)
HPRegen  0.64/turn              p - +3 ring of intelligence
MPRegen  0.14/turn              q - +3 ring of dexterity

@: ice-form, petrified
A: large, unfitting armour, fast metabolism 3, gourmand, regeneration 1
a: End Transformation, Divine Energy, Channel Magic, Forget Spell, Renounce
Religion


You were in the Dungeon.
You worshipped Sif Muna.
Sif Muna was greatly pleased with you.
You were very full.
You were a creature of crystalline ice.
You visited 1 branch You collected 14 gold pieces.

Inventory:

Missiles
 a - 55 arrows
Armour
 b - a +0 robe (melded)
 o - a +0 cloak (melded)
Magical Staves
 n - an uncursed staff of energy
Jewellery
 p - a +3 ring of intelligence (left front paw)
 q - a +3 ring of dexterity (right front paw)
Wands
 m - a wand of acid (6)
Scrolls
 j - 2 scrolls of blinking
 k - 4 scrolls of remove curse
 l - 2 scrolls of amnesia
 v - 4 scrolls of enchant weapon
 w - 2 scrolls of fog
Potions
 e - 4 potions of curing
 f - a potion of heal wounds
 g - 2 potions of haste
 h - 4 potions of magic
 i - a potion of invisibility
 r - a potion of berserk rage
 s - a potion of brilliance
 t - a potion of mutation
 u - a potion of might
Comestibles
 c - 11 chunks of flesh
 d - 3 rations


   Skills:
 + Level 2.1 Fighting
 + Level 7.1 Dodging
 - Level 1.2 Stealth
 + Level 13.0 Unarmed Combat
 * Level 5.6 Spellcasting
 * Level 5.7 Transmutations
 - Level 2.4 Ice Magic
 + Level 0.2 Evocations


You had 11 spell levels left.
You knew the following spells:

 Your Spells              Type           Power        Failure   Level  Hunger
a - Beastly Appendage     Tmut           ###...       1%          1    None
b - Ice Form              Ice/Tmut       ##......     34%         4    ####...
c - Sticks to Snakes      Tmut           ###.....     2%          2    ##.....

Your spell library contained the following spells:

 Spells                   Type           Power        Failure   Level  Hunger
 Spider Form              Tmut/Pois      ##........   17%         3    ###....
 Blade Hands              Tmut           ###.......   45%         5    ######.


Dungeon Overview and Level Annotations

Branches:
Dungeon (1/1)

Altars:
Cheibriados
Dithmenos
Elyvilon
Fedhas
Gozag
Hepliaklqana
Kikubaaqudgha
Makhleb
Nemelex Xobeh
Okawaru
Qazlal
Ru
Sif Muna
Trog
Uskayaw
Vehumet
Wu Jian
Xom
Yredelemnul
Zin
The Shining One
Beogh
Jiyva
Lugonu


Innate Abilities, Weirdness & Mutations

You are too large for most types of armour.
((You have claws for hands.))
Your metabolism is lightning-fast.
You like to eat raw meat.
Your natural rate of healing is unusually fast.
((You are covered in fur. (AC +1)))
((You have very tough skin. (AC +2)))


Message History

The catoblepas breathes a plume of calcifying dust at you.
The blast of calcifying dust hits you!
You are engulfed in calcifying dust.
The catoblepas breathes a plume of calcifying dust at you.
The blast of calcifying dust hits you!
* * * LOW HITPOINT WARNING * * *
You are engulfed in calcifying dust.
The catoblepas completely misses you.
The blink frog blinks!
You are engulfed in calcifying dust.
The catoblepas gores you but does no damage.
The blink frog is engulfed in calcifying dust.
The blink frog is moving more slowly.
The blink frog hits you!!
* * * LOW HITPOINT WARNING * * *
You are engulfed in calcifying dust.
The blink frog is engulfed in calcifying dust.
The blink frog stops moving altogether!
The catoblepas gores you!
* * * LOW HITPOINT WARNING * * *
The blink frog is engulfed in calcifying dust.
The catoblepas gores you!!
You die...

▓_▓.▓.▓
▓_▓.▓†▓
▓_▓.▓.▓
▓_▓.▓.▓
▓_▓.▓§▓
▓_▓.▓.▓
▓_▓.▓§▓
▓_▓.▓F▓
▓_▓.▓Y▓
▓_▓.▓Y▓
▓_▓.▓t▓
▓_▓.▓r▓
▓_▓.▓F▓
▓_▓.▓.▓
▓_▓.▓.▓
▓_▓.▓.▓
▓_▓.▓.▓


You could see a catoblepas, a spiny frog, a blink frog (petrified), a crocodile
and a porcupine.

Vanquished Creatures
  A komodo dragon (D)
  2 hippogriffs (D)
  A water moccasin (D)
  A porcupine (D)
  A sky beast (D)
  An ice beast (D)
  A wolf (D)
  2 centaurs (D)
  A crocodile (D)
  5 bullfrogs (D)
  A jelly (D)
  3 hounds (D)
  An iguana (D)
  A leopard gecko (D)
  An orc (D)
  A bat (D)
  3 bat zombies (D)
  A hobgoblin (D)
  A jackal (D)
  A kobold (D)
  A giant cockroach zombie (D)
  A quokka zombie (D)
  A rat (D)
33 creatures vanquished.

Notes
Turn   | Place    | Note
-------+----------+-------------------------------------------
     0 | D        | emperorscorpion the Troll Transmuter began the quest for the Orb.
     0 | D        | Reached XP level 1. HP: 18/18 MP: 1/1
    23 | D        | Noticed a hound
    23 | D        | Noticed a jelly
    23 | D        | Noticed a sky beast
    28 | D        | Reached XP level 2. HP: 21/26 MP: 1/3
    34 | D        | Reached skill level 5 in Unarmed Combat
    34 | D        | Reached XP level 3. HP: 31/32 MP: 1/5
    38 | D        | Reached skill level 6 in Unarmed Combat
    38 | D        | Reached XP level 4. HP: 23/40 MP: 2/6
    41 | D        | Killed a sky beast
    41 | D        | Reached skill level 8 in Unarmed Combat
    41 | D        | Reached XP level 5. HP: 28/46 MP: 2/8
    54 | D        | Found a roughly hewn altar of Beogh.
    54 | D        | Found a snail-covered altar of Cheibriados.
    54 | D        | Found a shadowy altar of Dithmenos.
    54 | D        | Found a white marble altar of Elyvilon.
    54 | D        | Found a blossoming altar of Fedhas.
    54 | D        | Found an opulent altar of Gozag.
    55 | D        | Found a hazy altar of Hepliaklqana.
    56 | D        | Found a viscous altar of Jiyva.
    57 | D        | Found an ancient bone altar of Kikubaaqudgha.
    58 | D        | Found a corrupted altar of Lugonu.
    59 | D        | Found a burning altar of Makhleb.
    60 | D        | Found a sparkling altar of Nemelex Xobeh.
    61 | D        | Found an iron altar of Okawaru.
    62 | D        | Found a stormy altar of Qazlal.
    63 | D        | Found a sacrificial altar of Ru.
    64 | D        | Found a deep blue altar of Sif Muna.
    65 | D        | Found a bloodstained altar of Trog.
    66 | D        | Found a hide-covered altar of Uskayaw.
    67 | D        | Found a radiant altar of Vehumet.
    68 | D        | Found an ornate altar of the Wu Jian Council.
    69 | D        | Found a shimmering altar of Xom.
    70 | D        | Found a basalt altar of Yredelemnul.
    71 | D        | Found a glowing silver altar of Zin.
    72 | D        | Became a worshipper of Sif Muna the Loreminder
    73 | D        | Found a glowing golden altar of the Shining One.
   107 | D        | Noticed an ice beast
   107 | D        | Noticed a centaur
   109 | D        | Reached skill level 1 in Fighting
   118 | D        | HP: 1/48 [ice beast (13)]
   122 | D        | Killed an ice beast
   122 | D        | Reached * piety under Sif Muna
   122 | D        | Reached skill level 9 in Unarmed Combat
   122 | D        | Reached XP level 6. HP: 15/55 MP: 8/10
   124 | D        | Reached skill level 5 in Dodging
   124 | D        | Reached skill level 10 in Unarmed Combat
   126 | D        | Reached skill level 1 in Stealth
   207 | D        | Reached ** piety under Sif Muna
   210 | D        | Reached skill level 11 in Unarmed Combat
   210 | D        | Reached XP level 7. HP: 44/62 MP: 12/12
   310 | D        | Learned a level 4 spell: Ice Form
   339 | D        | Noticed a hippogriff
   339 | D        | Noticed a hippogriff
   342 | D        | Killed a hippogriff
   344 | D        | Noticed a komodo dragon
   349 | D        | Killed a hippogriff
   349 | D        | Reached skill level 12 in Unarmed Combat
   349 | D        | Reached skill level 5 in Spellcasting
   349 | D        | Reached skill level 5 in Transmutations
   349 | D        | Reached XP level 8. HP: 37/71 MP: 12/14
   350 | D        | Reached *** piety under Sif Muna
   360 | D        | Reached skill level 1 in Ice Magic
   373 | D        | HP: 2/72 [komodo dragon (13)]
   376 | D        | Killed a komodo dragon
   379 | D        | Reached **** piety under Sif Muna
   479 | D        | Learned a level 2 spell: Sticks to Snakes
   485 | D        | Noticed a catoblepas
   485 | D        | Noticed a blink frog
   497 | D        | Noticed a spiny frog
   506 | D        | Reached skill level 13 in Unarmed Combat
   521 | D        | HP: 3/86 [catoblepas (5)]
   522 | D        | Mangled by a catoblepas

Vault maps used:
D:        linesprint

Skill      XL: |  1  2  3  4  5  6  7  8 |
---------------+-------------------------+-----
Dodging        | 2 3 4 5 6 7 |  7.1
Unarmed Combat | 5 6 8 9 11 12 13 | 13.0
Spellcasting   | 2 3 4 5 |  5.6
Transmutations | 2 3 4 5 |  5.7
Fighting       | 1 2 |  2.1
Stealth        | 1 |  1.2
Ice Magic      | 2 |  2.4
Evocations     | |  0.2

Action                   |  1- 3 |  4- 6 |  7- 9 || total
-------------------------+-------+-------+-------++-------
Melee: Unarmed           |    22 |    26 |    42 ||    90
       Kick              |       |     5 |       ||     5
       Headbutt          |       |     2 |     8 ||    10
       Punch             |       |       |     1 ||     1
 Cast: Beastly Appendage |     1 |     2 |     2 ||     5
       Sticks to Snakes  |       |       |     2 ||     2
       Ice Form          |       |       |     1 ||     1
Evoke: Wand              |       |     1 |     3 ||     4
  Use: Potion            |     1 |     1 |     2 ||     4
 Stab: Sleeping          |       |     1 |       ||     1
  Eat: Chunk             |       |     7 |     3 ||    10
Armor: Robe              |     5 |     4 |     6 ||    15
       Skin              |       |       |     2 ||     2
Dodge: Dodged            |    11 |    14 |    24 ||    49

Table legend:
 A = Spawn XP
 B = Non-spawn XP
 C = Spawn XP percentage of total XP
 D = Spawn monster count
 E = Non-spawn monster count
 F = Spawn count percentage of total count
 G = Total turns spent on level
                    A         B        C        D         E        F      G
               +---------+---------+-------+---------+---------+-------+---------
         Total |       0 |    2467 |   0.0 |       0 |      33 |   0.0 |   522
               +---------+---------+-------+---------+---------+-------+---------
             D |       0 |    2467 |   0.0 |       0 |      33 |   0.0 |   522
               +---------+---------+-------+---------+---------+-------+---------
